TOP OF THE 1ST |
Barry's Bay Orioles batting - Pitching for Minnesota Death Stars : RHP Cipriano Vega
|
Pitching: RHP Cipriano Vega
|
|
Batting: LHB António Machado
|
0-0: Ball 1-0: Swinging Strike 1-1: Swinging Strike 1-2: Strikes out swinging
|
Batting: RHB Kawsen Kitwana
|
0-0: Ball 1-0: Called Strike 1-1: Ball 2-1: Ball 3-1: Foul Ball, location: 2F 3-2: Strikes out swinging, 2-3 out at first.
|
Batting: RHB Esteban Álvarez
|
0-0: Ball 1-0: Ball 2-0: Ball 3-0: Ground out 5-3 (Groundball, 56)
|
Top of the 1st over - 0 runs, 0 hits, 0 errors, 0 left on base; Barry's Bay 0 - Minnesota 0 |
BOTTOM OF THE 1ST |
Minnesota Death Stars batting - Pitching for Barry's Bay Orioles : RHP David Miller
|
Pitching: RHP David Miller
|
|
Batting: RHB Lou Hammond
|
0-0: Ball 1-0: Ground out 6-3 (Groundball, 6S)
|
Batting: LHB Ryan Miller
|
0-0: Ball 1-0: Foul Ball, location: 2F 1-1: Ground out 5-3 (Groundball, 56S)
|
Batting: LHB Gonzalo Gálvez
|
0-0: Called Strike 0-1: Ball 1-1: Foul Ball, location: 2F 1-2: Foul Ball, location: 2F 1-2: Fly out, F8 (Line Drive, 8RS)
|
Bottom of the 1st over - 0 runs, 0 hits, 0 errors, 0 left on base; Barry's Bay 0 - Minnesota 0 |
TOP OF THE 2ND |
Barry's Bay Orioles batting - Pitching for Minnesota Death Stars : RHP Cipriano Vega
|
Batting: RHB Dwayne Roldán
|
0-0: Fly out, F4 (Line Drive, 4)
|
Batting: LHB Chris Russell
|
0-0: Called Strike 0-1: Called Strike 0-2: Ball 1-2: Fly out, F8 (Flyball, 89D)
|
Batting: RHB Reed Brown
|
0-0: Ball 1-0: Foul Ball, location: 2F 1-1: DOUBLE (Groundball, 5L)
|
Batting: RHB Bob Watson
|
0-0: Ball 1-0: Called Strike 1-1: Swinging Strike 1-2: Ground out 6-3 (Groundball, 6)
|
Top of the 2nd over - 0 runs, 1 hit, 0 errors, 1 left on base; Barry's Bay 0 - Minnesota 0 |
BOTTOM OF THE 2ND |
Minnesota Death Stars batting - Pitching for Barry's Bay Orioles : RHP David Miller
|
Batting: RHB Manuel Cintrón
|
0-0: Swinging Strike 0-1: Called Strike 0-2: Ball 1-2: Ball 2-2: Fly out, F3 (Popup, 3S)
|
Batting: RHB Ernesto Quintero
|
0-0: Called Strike 0-1: SINGLE (Line Drive, 4)
|
Batting: LHB Jamie Walker
|
0-0: Ball 1-0: Fly out, F8 (Flyball, 8RM)
|
Batting: RHB Justin López
|
Pickoff Throw to First - Error! E1 Ernesto Quintero to second 0-0: Ball 1-0: Called Strike 1-1: Swinging Strike 1-2: Foul Ball, location: 2F 1-2: Ground out 4-3 (Groundball, 4)
|
Bottom of the 2nd over - 0 runs, 1 hit, 1 error, 1 left on base; Barry's Bay 0 - Minnesota 0 |
TOP OF THE 3RD |
Barry's Bay Orioles batting - Pitching for Minnesota Death Stars : RHP Cipriano Vega
|
Batting: RHB Jason Cook
|
0-0: Called Strike 0-1: Foul Ball, location: 2F 0-2: Ball 1-2: Strikes out swinging
|
Batting: RHB Nolan Houston
|
0-0: Called Strike 0-1: Swinging Strike 0-2: Foul Ball, location: 2F 0-2: Strikes out swinging
|
Batting: LHB António Machado
|
0-0: Ball 1-0: Called Strike 1-1: Ball 2-1: Ball 3-1: Foul Ball, location: 2F 3-2: Foul Ball, location: 2F 3-2: Fly out, F9 (Flyball, 9LD)
|
Top of the 3rd over - 0 runs, 0 hits, 0 errors, 0 left on base; Barry's Bay 0 - Minnesota 0 |
BOTTOM OF THE 3RD |
Minnesota Death Stars batting - Pitching for Barry's Bay Orioles : RHP David Miller
|
Batting: RHB Danny Scott
|
0-0: Reached on error, E6 (Groundball, 6)
|
Batting: LHB Chris Henry
|
0-0: Ball Danny Scott is caught stealing 2nd base 1-0: Ball 2-0: Fly out, F9 (Flyball, 9LM)
|
Batting: RHB Lou Hammond
|
0-0: Ball 1-0: Called Strike 1-1: Swinging Strike 1-2: Ground out 6-3 (Groundball, 6)
|
Bottom of the 3rd over - 0 runs, 0 hits, 1 error, 0 left on base; Barry's Bay 0 - Minnesota 0 |
TOP OF THE 4TH |
Barry's Bay Orioles batting - Pitching for Minnesota Death Stars : RHP Cipriano Vega
|
Batting: RHB Kawsen Kitwana
|
0-0: Ball 1-0: Fly out, F8 (Flyball, 8RM)
|
Batting: RHB Esteban Álvarez
|
0-0: Ball 1-0: Called Strike 1-1: Called Strike 1-2: Strikes out looking
|
Batting: RHB Dwayne Roldán
|
0-0: Swinging Strike 0-1: Foul Ball, location: 2F 0-2: Strikes out swinging
|
Top of the 4th over - 0 runs, 0 hits, 0 errors, 0 left on base; Barry's Bay 0 - Minnesota 0 |
BOTTOM OF THE 4TH |
Minnesota Death Stars batting - Pitching for Barry's Bay Orioles : RHP David Miller
|
Batting: LHB Ryan Miller
|
0-0: Ball 1-0: Foul Ball, location: 2F 1-1: Called Strike 1-2: Strikes out swinging
|
Batting: LHB Gonzalo Gálvez
|
0-0: SINGLE (Flyball, 7S)
|
Batting: RHB Manuel Cintrón
|
0-0: Called Strike 0-1: Ball 1-1: Ball 2-1: SINGLE (Line Drive, 4D) Gonzalo Gálvez to second Runner from 2nd tries for 3rd, SAFE, throw made at trailing runner, OUT!
|
Batting: RHB Ernesto Quintero
|
0-0: Called Strike 0-1: Ground out 6-3 (Groundball, 6)
|
Bottom of the 4th over - 0 runs, 2 hits, 0 errors, 1 left on base; Barry's Bay 0 - Minnesota 0 |
TOP OF THE 5TH |
Barry's Bay Orioles batting - Pitching for Minnesota Death Stars : RHP Cipriano Vega
|
Batting: LHB Chris Russell
|
0-0: Ball 1-0: Ball 2-0: Fly out, F7 (Line Drive, 7)
|
Batting: RHB Reed Brown
|
0-0: Ball 1-0: Ball 2-0: Ball 3-0: Called Strike 3-1: Base on Balls
|
Batting: RHB Bob Watson
|
0-0: Ball 1-0: SINGLE (Line Drive, 6D) Reed Brown to second
|
Batting: RHB Jason Cook
|
0-0: Ball 1-0: Ground out U3 (Groundball, 34S) Reed Brown to third Bob Watson to second
|
Batting: RHB Nolan Houston
|
0-0: Ball 1-0: Ball 2-0: Foul Ball, location: 2F 2-1: Foul Ball, location: 2F 2-2: Foul Ball, location: 2F 2-2: Ball 3-2: Strikes out looking
|
Top of the 5th over - 0 runs, 1 hit, 0 errors, 2 left on base; Barry's Bay 0 - Minnesota 0 |
BOTTOM OF THE 5TH |
Minnesota Death Stars batting - Pitching for Barry's Bay Orioles : RHP David Miller
|
Batting: LHB Jamie Walker
|
0-0: Foul Ball, location: 2F 0-1: Fly out, F6 (Line Drive, 6)
|
Batting: RHB Justin López
|
0-0: Foul Ball, location: 2F 0-1: Swinging Strike 0-2: Ball 1-2: Foul Ball, location: 2F 1-2: Ball 2-2: Foul Ball, location: 2F 2-2: Ball 3-2: Ground out 6-3 (Groundball, 6)
|
Batting: RHB Danny Scott
|
0-0: Called Strike 0-1: Ball 1-1: Ball 2-1: SINGLE (Groundball, 56S) (infield hit)
|
Batting: LHB Chris Henry
|
0-0: Ball 1-0: Foul Ball, location: 2F 1-1: SINGLE (Line Drive, 4MD) Danny Scott to second Runner from 2nd tries for 3rd, OUT!
|
Bottom of the 5th over - 0 runs, 2 hits, 0 errors, 1 left on base; Barry's Bay 0 - Minnesota 0 |
TOP OF THE 6TH |
Barry's Bay Orioles batting - Pitching for Minnesota Death Stars : RHP Cipriano Vega
|
Batting: LHB António Machado
|
0-0: SINGLE (Flyball, 89M)
|
Batting: RHB Kawsen Kitwana
|
0-0: Called Strike 0-1: Ball 1-1: Foul Ball, location: 2F 1-2: Foul Ball, location: 2F 1-2: Fly out, F9 (Flyball, 9LSF)
|
Batting: RHB Esteban Álvarez
|
0-0: Ball 1-0: Ball 2-0: Ball 3-0: Called Strike 3-1: Called Strike 3-2: SINGLE (Groundball, 6MD) António Machado to second Runner from 2nd tries for 3rd, SAFE, no throw
|
Batting: RHB Dwayne Roldán
|
0-0: Fly out, F9 (Flyball, 9S)
|
Batting: LHB Chris Russell
|
0-0: Ball 1-0: Fielders Choice at 2nd, 5-4 (Groundball, 56)
|
Top of the 6th over - 0 runs, 2 hits, 0 errors, 2 left on base; Barry's Bay 0 - Minnesota 0 |
BOTTOM OF THE 6TH |
Minnesota Death Stars batting - Pitching for Barry's Bay Orioles : RHP David Miller
|
Batting: RHB Lou Hammond
|
0-0: Called Strike 0-1: Foul Ball, location: 2F 0-2: Ball 1-2: Strikes out swinging
|
Batting: LHB Ryan Miller
|
0-0: Called Strike 0-1: Ball 1-1: Called Strike 1-2: Ball 2-2: Ball 3-2: Base on Balls
|
Batting: LHB Gonzalo Gálvez
|
0-0: Ball 1-0: Ball 2-0: Called Strike 2-1: Ball 3-1: SINGLE (Line Drive, 34) Ryan Miller to second
|
Batting: RHB Manuel Cintrón
|
0-0: Ball 1-0: Ball 2-0: Fly out, F8 (Flyball, 78S)
|
Batting: RHB Ernesto Quintero
|
0-0: Called Strike 0-1: Reached via error on a dropped throw, E4 Ryan Miller to third Gonzalo Gálvez to second
|
Batting: LHB Jamie Walker
|
0-0: Ball 1-0: Ball 2-0: Called Strike 2-1: SINGLE (Groundball, 4MD) Ryan Miller scores Gonzalo Gálvez to third Ernesto Quintero to second Runner from 3rd tries for Home, SAFE, no throw
|
Batting: RHB Justin López
|
0-0: Ball 1-0: Ball 2-0: Foul Ball, location: 2F 2-1: Swinging Strike 2-2: Foul Ball, location: 2F 2-2: Strikes out looking
|
Bottom of the 6th over - 2 runs, 2 hits, 1 error, 2 left on base; Barry's Bay 0 - Minnesota 2 |
TOP OF THE 7TH |
Barry's Bay Orioles batting - Pitching for Minnesota Death Stars : RHP Cipriano Vega
|
Batting: RHB Reed Brown
|
0-0: Foul Ball, location: 2F 0-1: Foul Ball, location: 2F 0-2: Strikes out swinging
|
Batting: RHB Bob Watson
|
0-0: SINGLE (Line Drive, 3L)
|
Batting: RHB Jason Cook
|
0-0: Ball 1-0: Ball 2-0: Foul Ball, location: 2F 2-1: Fly out, F8 (Flyball, 8RD)
|
Batting: RHB Nolan Houston
|
0-0: Ball 1-0: Swinging Strike 1-1: Called Strike 1-2: Ball 2-2: SINGLE (Groundball, 34D) Bob Watson to second Runner from 2nd tries for 3rd, SAFE, no throw
|
Batting: LHB António Machado
|
0-0: Ground out 1-3 (Groundball, 13)
|
Top of the 7th over - 0 runs, 2 hits, 0 errors, 2 left on base; Barry's Bay 0 - Minnesota 2 |
BOTTOM OF THE 7TH |
Minnesota Death Stars batting - Pitching for Barry's Bay Orioles : RHP David Miller
|
Batting: RHB Danny Scott
|
0-0: Called Strike 0-1: Ball 1-1: Ball 2-1: Ball 3-1: Fly out, F8 (Flyball, 8LM)
|
Batting: LHB Chris Henry
|
0-0: Ball 1-0: Ball 2-0: Swinging Strike 2-1: Fly out, F4 (Line Drive, 4)
|
Batting: RHB Lou Hammond
|
0-0: Swinging Strike 0-1: Ball 1-1: Ball 2-1: Foul Ball, location: 2F 2-2: Foul Ball, location: 2F 2-2: Ground out 4-3 (Groundball, 4M)
|
Bottom of the 7th over - 0 runs, 0 hits, 0 errors, 0 left on base; Barry's Bay 0 - Minnesota 2 |
TOP OF THE 8TH |
Barry's Bay Orioles batting - Pitching for Minnesota Death Stars : RHP Cipriano Vega
|
Batting: RHB Kawsen Kitwana
|
0-0: Ball 1-0: Ball 2-0: Called Strike 2-1: Called Strike 2-2: Strikes out swinging
|
Batting: RHB Esteban Álvarez
|
0-0: Ball 1-0: Ground out 6-3 (Groundball, 56)
|
Batting: RHB Dwayne Roldán
|
0-0: Foul Ball, location: 2F 0-1: Foul Ball, location: 2F 0-2: Foul Ball, location: 2F 0-2: Ball 1-2: Fly out, F9 (Flyball, 89D)
|
Top of the 8th over - 0 runs, 0 hits, 0 errors, 0 left on base; Barry's Bay 0 - Minnesota 2 |
BOTTOM OF THE 8TH |
Minnesota Death Stars batting - Pitching for Barry's Bay Orioles : RHP David Miller
|
Pitching: LHP Dominique Verdier
|
|
Batting: LHB Ryan Miller
|
0-0: Ball 1-0: Ball 2-0: Ball 3-0: Called Strike 3-1: Called Strike 3-2: Fly out, F4 (Popup, 4)
|
Batting: LHB Gonzalo Gálvez
|
0-0: Ball 1-0: Fly out, F8 (Flyball, 8RS)
|
Batting: RHB Manuel Cintrón
|
0-0: Ball 1-0: Ball 2-0: SINGLE (Groundball, 6D)
|
Batting: RHB Ernesto Quintero
|
0-0: Foul Ball, location: 2F 0-1: Foul Ball, location: 2F 0-2: Strikes out looking
|
Bottom of the 8th over - 0 runs, 1 hit, 0 errors, 1 left on base; Barry's Bay 0 - Minnesota 2 |
TOP OF THE 9TH |
Barry's Bay Orioles batting - Pitching for Minnesota Death Stars : RHP Cipriano Vega
|
Pitching: LHP Kurt Brown
|
|
Batting: LHB Chris Russell
|
0-0: Swinging Strike 0-1: Ball 1-1: Foul Ball, location: 2F 1-2: Strikes out swinging
|
Batting: RHB Reed Brown
|
0-0: Called Strike 0-1: Called Strike 0-2: Ball 1-2: Ground out 4-3 (Groundball, 34D)
|
Batting: RHB Bob Watson
|
0-0: Ball 1-0: Ball 2-0: Foul Ball, location: 2F 2-1: Ball 3-1: Base on Balls
|
Batting: RHB Jason Cook
|
0-0: SINGLE (Flyball, 9S) Bob Watson to second
|
Pinch Hitting: RHB Thomas Bravo
|
0-0: Ball 1-0: Ball 2-0: Ball 3-0: Called Strike 3-1: Base on Balls Bob Watson to third Jason Cook to second
|
Batting: LHB António Machado
|
0-0: Fielders Choice at 2nd, 6-4 (Groundball, 6)
|
Top of the 9th over - 0 runs, 1 hit, 0 errors, 3 left on base; Barry's Bay 0 - Minnesota 2 |
|